 Dungeon Crawl Stone Soup version 0.31-a0-1278-g11c5b68f87 (webtiles) character file.

Game seed: 8749121844474596207

4083 pokeman the Thaumaturge (level 10, -13/56 HPs)
             Began as a Deep Elf Hedge Wizard on Dec 18, 2023.
             Was a Follower of Vehumet.
             Mangled by Grum
             ... wielding a +0 halberd
              (27 damage)
             ... on level 8 of the Dungeon.
             The game lasted 00:19:58 (8491 turns).

pokeman the Thaumaturge (Deep Elf Hedge Wizard)     Turns: 8491, Time: 00:19:59

Health: -13/56     AC:  5    Str:  7    XL:     10   Next: 5%
Magic:  30/37      EV: 13    Int: 28    God:    Vehumet [*.....]
Gold:   412        SH:  0    Dex: 14    Spells: 8/34 levels left

rFire   . . .        u - +7 whip "Wemen" {freeze, Int+4}
rCold   . . .        (no shield)
rNeg    . . .        b - +0 robe
rPois   +            y - +0 helmet
rElec   .            x - +0 cloak
rCorr   .            (no gloves)
SInv    .            k - +0 pair of boots of the Devil's Advocate {Regen+}
Will    +....        (no amulet)
Stlth   ++           h - ring of magical power
HPRegen 1.09/turn    L - ring of poison resistance
MPRegen 0.25/turn

%: no passive effects
@: no status effects
A: no striking features
a: Renounce Religion


You were on level 8 of the Dungeon.
You worshipped Vehumet.
Vehumet was aware of your devotion.
You visited 2 branches of the dungeon, and saw 11 of its levels.

You collected 412 gold pieces.

Inventory:

Hand Weapons
 c - a +1 dagger of venom
 u - the +7 whip "Wemen" (weapon) {freeze, Int+4}
   (You found it on level 3 of the Dungeon)

   Int+4:     It affects your intelligence (+4).
Missiles
 l - 2 throwing nets
Armour
 b - a +0 robe (worn)
 k - the +0 pair of boots of the Devil's Advocate (worn) {Regen+}
   (You found it on level 2 of the Dungeon)

   Regen+:    It increases your rate of health regeneration.
 x - a +0 cloak (worn)
 y - a +0 helmet (worn)
Magical Staves
 f - a staff of fire
 v - a staff of cold
 H - a staff of conjuration
Jewellery
 h - a ring of magical power (left hand)
 z - a ring of protection from fire
 A - a ring of protection from cold
 B - a ring of positive energy
 J - a ring of ice
 L - a ring of poison resistance (right hand)
Wands
 s - a wand of light (9)
Scrolls
 e - 6 scrolls of identify {unknown}
 g - a scroll of blinking {unknown}
 j - 2 scrolls of noise {unknown}
 n - 2 scrolls of teleportation {unknown}
 p - a scroll of fear {unknown}
 w - 2 scrolls of enchant weapon {unknown}
 C - a scroll of vulnerability {unknown}
 D - 2 scrolls of immolation {unknown}
 F - 2 scrolls of revelation {unknown}
Potions
 a - 3 potions of heal wounds {unknown}
 d - 2 potions of magic
 i - a potion of brilliance {unknown}
 m - 4 potions of degeneration {unknown}
 o - 2 potions of curing {unknown}
 q - a potion of cancellation {unknown}
 r - a potion of ambrosia {unknown}
 t - a potion of mutation {unknown}
 E - a potion of lignification {unknown}
 G - a potion of haste {unknown}
 I - a potion of berserk rage {unknown}
 K - a potion of enlightenment {unknown}


   Skills:
 + Level 3.9 Fighting
 - Level 3.0 Armour
 - Level 3.0 Dodging
 - Level 3.0 Stealth
 * Level 12.6 Spellcasting
 + Level 7.0 Conjurations
 - Level 1.1 Summonings
 - Level 1.1 Translocations
 - Level 1.0 Fire Magic
 - Level 1.1 Ice Magic
 + Level 5.8 Air Magic
 - Level 1.1 Poison Magic
 - Level 1.0 Evocations


You had 8 spell levels left.
You knew the following spells:

 Your Spells              Type           Power      Damage    Failure   Level
a - Magic Dart            Conj           100%       1d8       1%          1
b - Mephitic Cloud        Conj/Pois/Air  43%        N/A       1%          3
c - Call Imp              Summ           46%        N/A       3%          2
d - Blink                 Tloc           46%        N/A       3%          2
e - Foxfire               Conj/Fire      100%       2x1d9     1%          1
f - Summon Lightning Spi  Summ/Air       37%        N/A       8%          4
g - Airstrike             Air            25%        2d(4-20)  2%          4
h - Freezing Cloud        Conj/Ice/Air   21%        6-21      12%         5
i - Iskenderun's Mystic   Conj/Tloc      40%        2d9       5%          4

Your spell library contained the following spells:

 Spells                   Type           Power      Damage    Failure   Level
 Freeze                   Ice            96%        1d10      1%          1
 Kiss of Death            Conj/Necr      100%       2d13      1%          1
 Cigotuvi's Dreadful Rot  Necr/Pois/Air  60%        N/A       1%          2
 Static Discharge         Conj/Air       100%       3-8/arc   1%          2
 Hailstorm                Conj/Ice       40%        3d9       1%          3
 Slow                     Hex            68%        N/A       3%          1
 Sublimation of Blood     Necr           17%        N/A       4%          2
 Wereblood                Tmut           17%        N/A       4%          2
 Frozen Ramparts          Ice            48%        1d8       6%          3
 Volatile Blastmotes      Fire/Tloc      46%        2d13      6%          3
 Ignite Poison            Fire/Tmut/Pois 21%        N/A       7%          3
 Fulminant Prism          Conj/Hex       18%        3d10      7%          4
 Confusing Touch          Hex            17%        N/A       10%         3
 Dispel Undead            Necr           17%        3d10      30%         4
 Summon Hydra             Summ           11%        N/A       100%        7


Dungeon Overview and Level Annotations

Branches:
Dungeon (10/15)            Temple (1/1) D:7
   Lair: D:8-11         Orc: D:9-12

Altars:
Ashenzari
Cheibriados
Dithmenos
Elyvilon
Fedhas
Hepliaklqana
Kikubaaqudgha
Makhleb
Nemelex Xobeh
Okawaru
Qazlal
Ru
Sif Muna
Uskayaw
Vehumet
Wu Jian
Xom
Yredelemnul
Zin
The Shining One

Shops:
D:2 (

Annotations:
D:8 Grum, Joseph


Message History

A wolf comes into view.
You feel sick.
The wolf howls!
The wolf bites you! The wolf misses you. The killer bee barely misses you.
The killer bee stings itself.
The wolf moves out of view.
Casting: Mephitic Cloud (safe; 1% risk of failure)
Confirm with . or Enter, or press ? or * to list all spells.
Aiming: Mephitic Cloud (safe; 1% risk of failure)
Press: ? - help, Shift-Dir - straight line, f - wolf
Aim: a wolf (chance to affect: 81%)
The ball explodes into a vile cloud!
The stinking cloud engulfs the wolf but does no damage.
The stinking cloud engulfs the killer bee but does no damage.
The killer bee is almost dead.
The stinking cloud engulfs you but does no damage.
You feel sick.
The wolf is engulfed in noxious fumes.
The wolf bites you!
The killer bee barely misses the wolf.
The wolf is engulfed in noxious fumes.
The wolf appears confused.
Unknown command.
Unknown command.
Unknown command.
You feel sick. The killer bee stings you.
The wolf is engulfed in noxious fumes.
The wolf appears confused.
The wolf closely misses you.
Grum hits you from afar with a +0 halberd!
The killer bee stings itself but does no damage.
Unknown command.
You feel sick.
You are no longer poisoned.
The killer bee seems less confused.
The wolf is engulfed in noxious fumes.
The hornet is engulfed in noxious fumes.
The hornet appears confused.
The killer bee attacks as it pursues you!
The killer bee stings you.
* * * LOW HITPOINT WARNING * * *
The wolf is engulfed in noxious fumes. x2; The wolf appears confused.
The wolf bites you but does no damage.
Joseph, a Mercenary comes into view.
He is wielding a +0 quarterstaff and carrying a wand of paralysis.
Grum hits you from afar with a +0 halberd!!
You die...

#.....>..#
#..##..#@##
.....#.#
....##.#.###
...........#
.#..##....†#
.....gy°○..#
$.##hh...# #
#@y...#
........#####
.########


You could see Joseph, Grum, a hornet (confused), 2 wolves and a killer bee.

Vanquished Creatures
  A cyclops (D:6)
  A merfolk (D:10)
  Prince Ribbit (D:5)
  A yak (D:5)
  An acid dragon (D:10)
  A water moccasin (D:5)
  An orc warrior (D:7)
  A sky beast (D:7)
  An ice beast (D:8)
  3 ogres
  4 centaurs
  A phantom (D:5)
  A bullfrog (D:6)
  4 scorpions
  A killer bee (D:8)
  A nameless horror (D:6)
  An orc priest (D:7)
  4 hounds
  A jelly (D:4)
  A gnoll bouda (D:4)
  4 iguanas
  3 orc wizards
  Robin (D:4)
  3 adders
  14 gnolls
  A shadow imp (D:7)
  2 ufetubi (D:7)
  A worm (D:2)
  3 dart slugs
  33 orcs
  6 endoplasms
  2 giant cockroaches
  18 goblins
  5 hobgoblins
  3 jackals (D:1)
  2 quokkas (D:1)
  10 ball pythons
  13 bats
  8 frilled lizards
  7 kobolds
  5 rats
175 creatures vanquished.

Vanquished Creatures (collateral kills)
  A komodo dragon (D:7)
  2 yaks (D:5)
  A water moccasin (D:8)
  3 ice beasts
  A sleepcap (D:6)
  A gnoll (D:2)
  An adder (D:2)
  2 orcs (D:7)
12 creatures vanquished.

Vanquished Creatures (others)
  71 foxfires
71 creatures vanquished.

Grand Total: 258 creatures vanquished

Notes
Turn   | Place    | Note
-------+----------+-------------------------------------------
     0 | D:1      | pokeman the Deep Elf Hedge Wizard began the quest for the
                  | Orb.
     0 | D:1      | Reached XP level 1. HP: 10/10 MP: 7/7
   322 | D:1      | Found a faded altar of an unknown god.
   356 | D:1      | Reached XP level 2. HP: 16/16 MP: 4/9
   910 | D:1      | Reached skill level 5 in Spellcasting
  1029 | D:1      | Reached XP level 3. HP: 20/20 MP: 5/11
  1033 | D:1      | Learned a level 3 spell: Mephitic Cloud
  1036 | D:1      | Learned a level 2 spell: Call Imp
  1039 | D:1      | Learned a level 2 spell: Blink
  1633 | D:2      | Reached skill level 1 in Armour
  1681 | D:2      | Reached skill level 1 in Fighting
  1866 | D:2      | Identified the +0 pair of boots of the Devil's Advocate
                  | {Regen+}
  1990 | D:2      | Reached XP level 4. HP: 10/25 MP: 5/13
  2222 | D:2      | Reached skill level 6 in Spellcasting
  2223 | D:2      | Reached XP level 5. HP: 25/29 MP: 3/15
  2399 | D:2      | Found Oresidy's Antique Weapon Emporium.
  2938 | D:3      | Found a snail-covered altar of Cheibriados.
  3702 | D:3      | Identified the +7 whip "Wemen" {freeze, Int+4}
  3957 | D:4      | Reached skill level 1 in Fire Magic
  4005 | D:4      | Reached skill level 1 in Evocations
  4042 | D:4      | Reached skill level 1 in Poison Magic
  4047 | D:4      | Reached skill level 1 in Air Magic
  4047 | D:4      | Reached XP level 6. HP: 34/34 MP: 17/17
  4062 | D:4      | Reached skill level 7 in Spellcasting
  4086 | D:4      | Reached XP level 7. HP: 33/39 MP: 5/20
  4452 | D:4      | Noticed Robin
  4466 | D:4      | Killed Robin
  4629 | D:4      | Noticed a shadow
  4630 | D:4      | Found a shadowy altar of Dithmenos.
  4631 | D:4      | Found a hazy altar of Hepliaklqana.
  4733 | D:5      | Entered Level 5 of the Dungeon
  4759 | D:5      | Reached skill level 8 in Spellcasting
  4759 | D:5      | Reached skill level 1 in Ice Magic
  4864 | D:5      | Learned a level 4 spell: Airstrike
  4869 | D:5      | Learned a level 4 spell: Summon Lightning Spire
  4927 | D:5      | Found an iron altar of Okawaru.
  4954 | D:5      | Found a radiant altar of Vehumet.
  4987 | D:5      | Became a worshipper of Vehumet
  5343 | D:5      | Noticed Prince Ribbit
  5351 | D:5      | Killed Prince Ribbit
  5352 | D:5      | Reached skill level 9 in Spellcasting
  5352 | D:5      | Reached XP level 8. HP: 44/44 MP: 23/23
  5882 | D:5      | Reached skill level 5 in Conjurations
  5887 | D:5      | Reached skill level 10 in Spellcasting
  6353 | D:6      | Learned a level 5 spell: Freezing Cloud
  6356 | D:6      | Found a glowing golden altar of the Shining One.
  6493 | D:6      | Reached XP level 9. HP: 43/48 MP: 25/25
  6601 | D:6      | Learned a level 4 spell: Iskenderun's Mystic Blast
  6692 | D:6      | Noticed a cyclops
  6715 | D:6      | Killed a cyclops
  6716 | D:6      | Reached skill level 11 in Spellcasting
  7236 | D:7      | Noticed a komodo dragon
  7388 | D:7      | Found a sparkling altar of Nemelex Xobeh.
  7513 | D:7      | Reached * piety under Vehumet
  7513 | D:7      | Offered knowledge of Foxfire by Vehumet.
  7514 | D:7      | Reached skill level 5 in Air Magic
  7516 | D:7      | Learned a level 1 spell: Foxfire
  7704 | D:7      | Found a sacrificial altar of Ru.
  7839 | D:7      | Found a staircase to the Ecumenical Temple.
  7852 | Temple   | Entered the Ecumenical Temple
  7987 | D:7      | Killed a komodo dragon
  7988 | D:7      | Reached skill level 12 in Spellcasting
  8222 | D:8      | You fall into a shaft and drop 2 floors!
  8222 | D:10     | Entered Level 10 of the Dungeon
  8234 | D:10     | Noticed a merfolk
  8250 | D:10     | Killed a merfolk
  8251 | D:10     | Reached XP level 10. HP: 12/56 MP: 20/28
  8442 | D:10     | Found a broken altar of Ashenzari.
  8444 | D:10     | Found a hide-covered altar of Uskayaw.
  8486 | D:8      | Noticed Grum
  8491 | D:8      | Noticed Joseph
  8491 | D:8      | Mangled by Grum

Illustrated notes

Levels and vault maps discovered:
D:1:      dpeg_arrival_oval, layout_loops_ring,
          shapermc_ecumenical_altar_starsandcircs
D:2:      minmay_general_purpose_star, layout_rooms, serial_shops, shop,
          minmay_misc_feat_x
D:3:      layout_basic, mainiacjoe_overflow_catwalk
D:4:      layout_rooms, riverfiend_overflow_shadow_ancestor, uniq_robin
D:5:      layout_basic, lemuel_doored_altar,
          mainiacjoe_overflow_concentric_impassable,
          hangedman_decor_peaks_small, uniq_prince_ribbit1
D:6:      layout_loops_cross, nicolae_tso_carved_into_rock,
          kennysheep_pointless_box, minmay_small_thing
D:7:      layout_gridville, mainiacjoe_overflow_cross_hatched,
          mainiacjoe_overflow_alcove_2, minmay_temple_entry_large_hall,
          minmay_misc_feat_ornament
D:8:      layout_loops_cross, lemuel_round_altar, hellmonk_lair_entry_icy,
          uniq_grum, uniq_joseph
D:9:      minmay_the_grid_triangle_9x9_rhombus_full
          [minmay_the_grid_triangle_9x9_shrine,
          minmay_the_grid_triangle_9x9_semitri,
          minmay_the_grid_triangle_9x9_impossible_snake,
          minmay_the_grid_triangle_9x9_warning,
          minmay_the_grid_triangle_9x9_alien,
          minmay_the_grid_triangle_9x9_from_above,
          minmay_the_grid_triangle_9x9_windchime,
          minmay_the_grid_triangle_9x9_prize_top_heavy], layout_basic,
          nicolae_overflow_hidden_temple, kennysheep_generic_room_14,
          uniq_harold
D:10:     layout_cave_pools, chequers_temple_overflow_statue_of_worship,
          hiddenorc1_lemuel, hangedman_fish_farm
Temple:   nicolae_temple_bog_church

Skill      XL: |  1  2  3  4  5  6  7  8  9 |
---------------+----------------------------+-----
Spellcasting   | 5 6 7 9 10 12 | 12.6
Armour         | 1 2 3 |  3.0
Fighting       | 1 2 3 |  3.9
Conjurations   | 2 3 4 5 7 |  7.0
Dodging        | 3 |  3.0
Stealth        | 3 |  3.0
Fire Magic     | 1 |  1.0
Evocations     | 1 |  1.0
Poison Magic   | 1 |  1.1
Air Magic      | 1 3 4 5 |  5.8
Ice Magic      | 1 |  1.1
Summonings     | |  1.1
Translocations | |  1.1

Action                     |  1- 3 |  4- 6 |  7- 9 | 10-12 || total
---------------------------+-------+-------+-------+-------++-------
  Melee: Dagger            |     4 |       |       |       ||     4
         Punch             |     1 |       |     2 |       ||     3
         Morningstar       |       |    17 |       |       ||    17
         Whip              |       |    19 |    79 |     1 ||    99
   Cast: Magic Dart        |   116 |   108 |   133 |       ||   357
         Mephitic Cloud    |     2 |     9 |    30 |     3 ||    44
         Blink             |     1 |     1 |     6 |     1 ||     9
         Call Imp          |     1 |     1 |       |       ||     2
         Summon Lightning  |       |       |    11 |       ||    11
         Airstrike         |       |       |     7 |     3 ||    10
         Foxfire           |       |       |    40 |       ||    40
         Iskenderun's Myst |       |       |     2 |       ||     2
   Stab: Confused          |       |     3 |     7 |       ||    10
 Armour: Robe              |    18 |    20 |    67 |    13 ||   118
  Dodge: Dodged            |    24 |    30 |    69 |    10 ||   133

Table legend: (Time is in decaauts)
 A = Elapsed time spent in this place.
 B = Non-inter-level travel time spent in this place.
 C = Inter-level travel time spent in this place.
 D = Time resting spent in this place.
 E = Time spent auto-exploring this place.
 F = Levels seen in this place.
 G = Mean time per level.
                   A        B        C        D        E       F      G
               +--------+--------+--------+--------+--------+-----+--------+
         Total |   8503 |   8332 |    171 |      9 |   7111 |  11 |  773.0 |
       Dungeon |   8502 |   8331 |    171 |      9 |   7111 |  10 |  850.2 |
        Temple |      1 |      1 |      0 |      0 |      0 |   1 |    1.0 |
               +--------+--------+--------+--------+--------+-----+--------+

Top non-repeatable levels by time:
     D:1: 1586 daAuts
     D:5: 1454 daAuts
     D:3: 1251 daAuts
     D:6: 1108 daAuts
     D:2: 1089 daAuts
     D:7: 887 daAuts
     D:4: 814 daAuts
    D:10: 253 daAuts
     D:8: 51 daAuts
     D:9: 4 daAuts
  Temple: 1 daAuts
